Description

For Learning

Replay - B2GM - ZvP - Gold 1 - Game 1

Build Order

Get SALT Encoding   

  12  0:01  Drone  
  13  0:13  Overlord  
  13  0:17  Drone  
  14  0:31  Drone x2  
  16  0:53  Hatchery, Drone x2  
  17  0:59  Drone  
  18  1:14  Spawning Pool  
  18  1:16  Drone x2  
  19  1:29  Drone  
  20  1:38  Extractor  
  21  2:05  Queen x2  
  25  2:12  Overlord  
  27  2:28  Overlord  
  30  2:40  Overlord  
  30  2:42  Lair  
  30  2:44  Queen  
  36  3:12  Overlord  
  43  3:31  Roach Warren  
  43  3:32  Extractor x2  
  44  3:49  Evolution Chamber  
  50  4:11  Roach x4  
  50  4:16  Hatchery  
  57  4:20  Glial Reconstitution  
  57  4:23  Roach  
  59  4:32  Zerg Missile Weapons Level 1  
  59  4:48  Queen  
  62  5:01  Roach x3  
  86  5:39  Overseer  
  86  5:41  Hatchery  
  85  5:47  Hydralisk Den  
  89  6:04  Extractor x3  
  88  6:19  Grooved Spines  
  88  6:24  Evolution Chamber  
  96  6:45  Zerg Missile Weapons Level 2  
  96  6:53  Evolution Chamber  
  95  6:57  Hatchery  
  105  7:02  Zerg Ground Armor Level 1  
  106  7:16  Hydralisk x10  
  134  7:22  Hatchery  
  134  7:28  Extractor x2  
  132  7:30  Muscular Augments  
  165  8:06  Infestation Pit  
  198  8:51  Hive  
  200  9:33  Spore Crawler x2  
  200  9:34  Spine Crawler x4  
  196  9:39  Spore Crawler x2  
  196  9:41  Spine Crawler x3  
  189  9:46  Spore Crawler  
  189  9:47  Spine Crawler x2  
  200  9:58  Spine Crawler  
Spawning Tool Build Advisor. Get it on Overwolf

Go to:

Details

  • Created by: Mothai
  • Published on: Jan 06, 2020
  • Modified on: Jan 06, 2020
  • Patch: 4.11.0
Show
View Real Time Build Order
Export as new Build Order

Comments (0)

There are no comments. Be the first!

Create an account to comment!